 Dungeon Crawl Stone Soup version 0.29-a0-322-g68df515428 (webtiles) character file.

Game seed: 11274831359706709181

431 experimilk the Cudgeller (level 6, 0/75 HPs)
             Began as a Palentonga Fighter on Apr 9, 2022.
             Was an Initiate of Wu Jian.
             Slain by a killer bee (5 damage)
             ... on level 5 of the Dungeon.
             The game lasted 00:10:25 (5658 turns).

experimilk the Cudgeller (Palentonga Fighter)       Turns: 5658, Time: 00:10:26

Health: 0/75       AC: 23    Str: 21    XL:     6   Next: 66%
Magic:  6/6        EV:  1    Int:  9    God:    Wu Jian [......]
Gold:   194        SH:  4    Dex:  9    Spells: 5/5 levels left

rFire   . . .      SeeInvis +   f - +0 whip (venom)
rCold   . . .      Faith    .   c - +0 buckler
rNeg    . . .      Spirit   .   (body armour currently unavailable)
rPois   +          Reflect  .   (helmet currently unavailable)
rElec   .          Harm     .   (cloak currently unavailable)
rCorr   .          Rampage  .   (gloves currently unavailable)
Will    .....      NoTele   +   (no barding)
Stlth   +.........              (no amulet)
HPRegen 0.22/turn               (no ring)
MPRegen 0.10/turn               (no ring)

@: brilliant, tree-form
A: stationary, stasis, torment immunity, boosted hp, large, rugged brown scales
3, see invisible, (deformed body), (roll 1), (armoured tail)
a: Renounce Religion


You were on level 5 of the Dungeon.
You worshipped Wu Jian.
Wu Jian was noncommittal.
You were a tree.
You visited 2 branches of the dungeon, and saw 6 of its levels.

You collected 194 gold pieces.

Inventory:

Hand Weapons
 a - a +0 flail
 f - a +0 whip of venom (weapon)
 m - a +0 flail
Armour
 b - a +0 scale mail
 c - a +0 buckler (worn)
 i - a +0 plate armour (melded)
 n - a +0 helmet (melded)
 p - a +1 pair of gloves (melded)
Wands
 o - a wand of digging (7)
Scrolls
 d - a scroll of silence
 g - 2 scrolls of teleportation
 j - a scroll of vulnerability
 k - a scroll of holy word {unknown}
 q - a scroll of immolation {unknown}
Potions
 e - a potion of attraction


   Skills:
 + Level 3.4 Fighting
 * Level 6.5 Maces & Flails
 + Level 2.8 Armour
 + Level 2.8 Shields


You had 5 spell levels left.
You didn't know any spells.
Your spell library contained the following spells:

 Spells                   Type           Power      Damage    Failure   Level
 Magic Dart               Conj           0%         1d3       45%         1
 Call Imp                 Summ           0%         N/A       58%         2
 Mephitic Cloud           Conj/Pois/Air  0%         N/A       83%         3
 Portal Projectile        Hex/Tloc       0%         N/A       83%         3
 Tukima's Dance           Hex            0%         N/A       83%         3
 Passage of Golubria      Tloc           0%         N/A       99%         4
 Blade Hands              Tmut           0%         N/A       100%        5
 Excruciating Wounds      Necr           0%         N/A       100%        5
 Yara's Violent Unravell  Hex/Tmut       0%         3d3       100%        5


Dungeon Overview and Level Annotations

Branches:
Dungeon (5/15)             Temple (1/1) D:4

Altars:
Cheibriados
Dithmenos
Elyvilon
Gozag
Hepliaklqana
Nemelex Xobeh
Qazlal
Ru
Sif Muna
Trog
Uskayaw
Wu Jian
Xom
Zin
The Shining One


Innate Abilities, Weirdness & Mutations

You are a tree.
Your roots penetrate the ground, keeping you stationary.
You cannot be teleported.
You are immune to unholy pain and torment.
Your maximum health is greatly increased.
Your equipment is partially melded.
(You are completely covered in rugged brown scales. (AC +3, +7% HP))
You have supernaturally acute eyesight. (SInv)
((Armour fits poorly on your strangely shaped body.))
((You can roll at nearby foes to attack.))
((You have a long armoured tail.))


Message History

You feel very sick.
You hear a shout!
You lunge at the water moccasin, in a flurry of attacks.
You strike the helpless water moccasin from behind!
You whack the water moccasin!
You kill the water moccasin!
The Council accepts your kill.
You feel sick.
You start resting.
You feel sick.
A killer bee comes into view. x2
Found a book of the Hunter.
Found a stone staircase leading up.
There are monsters nearby!
You feel sick.
The killer bee buzzes angrily.
You feel sick.
You feel sick.
You feel sick.
You feel sick.
As you read the scroll of teleportation, it crumbles to dust.
You feel strangely unstable.
You feel sick.
It was a potion of lignification.
You turn into a tree.
Your +0 helmet melds into your body.
Your +1 pair of gloves melds into your body.
Your +0 plate armour melds into your body.
Your roots penetrate the ground.
You feel strangely stable.
You feel sick.
You are no longer poisoned.
The killer bee barely misses you.
You miss the killer bee.
The killer bee stings you but does no damage.
The orc hits you but does no damage. The killer bee stings you.
* * * LOW HITPOINT WARNING * * *
You barely miss the killer bee.
A killer bee comes into view.
The killer bee stings you but does no damage.
The killer bee completely misses you. The orc hits you but does no damage.
Unknown command.
It was a potion of brilliance.
You feel clever all of a sudden. The killer bee stings you.
You die...

#.#...# # #..... #.# . #...#
####.# ... #..## ##.....
.....####...###########...#.#
.....'†.y....................
.....####...#######.#.#...#.#
.<: #..(.o#### #......##.# .
#....y♣..# #.#.#.†....
#....y...# #......##.#
#........# ##.....##.#
#.....#.## ########.#
#######.# #... .# #... .#
#... .# ###. #.


You could see 3 killer bees and an orc.

Vanquished Creatures
  A water moccasin (D:5)
  A phantom (D:3)
  An iguana (D:3)
  7 gnolls (D:2)
  6 adders
  2 worms
  2 dart slugs
  4 orcs
  8 endoplasms
  2 giant cockroaches
  8 goblins
  12 hobgoblins
  6 jackals
  6 kobolds
  4 quokkas
  3 ball pythons
  7 bats
  7 frilled lizards
  3 rats
90 creatures vanquished.

Notes
Turn   | Place    | Note
-------+----------+-------------------------------------------
     0 | D:1      | experimilk the Palentonga Fighter began the quest for the
                  | Orb.
     0 | D:1      | Reached XP level 1. HP: 19/19 MP: 1/1
   167 | D:1      | Reached XP level 2. HP: 25/25 MP: 2/2
   204 | D:1      | Found a faded altar of an unknown god.
   271 | D:1      | Reached skill level 3 in Maces & Flails
  1129 | D:2      | Reached XP level 3. HP: 31/31 MP: 3/3
  1374 | D:2      | Reached skill level 4 in Maces & Flails
  1541 | D:2      | Reached XP level 4. HP: 18/37 MP: 4/4
  2266 | D:2      | Reached skill level 5 in Maces & Flails
  3148 | D:3      | Noticed a phantom
  3182 | D:3      | Reached XP level 5. HP: 42/43 MP: 5/5
  3521 | D:3      | Killed a phantom
  3522 | D:3      | Reached skill level 6 in Maces & Flails
  3791 | D:3      | Reached XP level 6. HP: 25/50 MP: 6/6
  4310 | D:4      | Found a staircase to the Ecumenical Temple.
  4329 | Temple   | Entered the Ecumenical Temple
  4531 | Temple   | Became a worshipper of the Wu Jian Council
  5195 | D:4      | Found a shadowy altar of Dithmenos.
  5580 | D:5      | Entered Level 5 of the Dungeon
  5631 | D:5      | Noticed a water moccasin
  5647 | D:5      | Killed a water moccasin
  5658 | D:5      | Slain by a killer bee

Illustrated notes

Levels and vault maps discovered:
D:1:      saegor_arrival_simple_d, layout_loops_cross, basic_ecumenical_altar
D:2:      layout_loops_corners, serial_rivers, chequers_serial_rivers_micro_d,
          chequers_serial_rivers_large_b, chequers_serial_rivers_micro_b,
          chequers_serial_rivers_room_a
D:3:      layout_basic, nrook_uturn
D:4:      layout_loops_corners, grunt_dithmenos_smoke, minmay_temple_entry_grid
D:5:      layout_loops_corners, makhleb_grotto_becter,
          mainiacjoe_overflow_boulevard, serial_glass, glass_columns_c,
          glass_columns_a, glass_columns_a, glass_columns_b, glass_columns_a,
          glass_columns_a
Temple:   nicolae_temple_great_sept

Skill      XL: |  1  2  3  4  5 |
---------------+----------------+-----
Maces & Flails | 3 4 5 6 |  6.5
Fighting       | |  3.4
Armour         | |  2.8
Shields        | |  2.8

Action                   |  1- 3 |  4- 6 || total
-------------------------+-------+-------++-------
Melee: Flail             |   107 |   153 ||   260
       Tailslap          |     7 |    21 ||    28
       Whip              |       |    29 ||    29
Invok: Lunge             |       |     2 ||     2
 Abil: Rolling Charge    |    29 |    32 ||    61
  Use: Potion            |     1 |     4 ||     5
       Scroll            |       |     9 ||     9
 Stab: Fleeing           |       |     1 ||     1
Armor: Scale mail        |    16 |       ||    16
       Plate armour      |    33 |    98 ||   131
       Skin              |       |     4 ||     4
Dodge: Dodged            |    27 |    21 ||    48
Block: Buckler           |    15 |    31 ||    46

Table legend: (Time is in decaauts)
 A = Elapsed time spent in this place.
 B = Non-inter-level travel time spent in this place.
 C = Inter-level travel time spent in this place.
 D = Time resting spent in this place.
 E = Time spent auto-exploring this place.
 F = Levels seen in this place.
 G = Mean time per level.
                   A        B        C        D        E       F      G
               +--------+--------+--------+--------+--------+-----+--------+
         Total |   5755 |   5489 |    266 |   2059 |   1937 |   6 |  959.2 |
       Dungeon |   5541 |   5275 |    266 |   2059 |   1874 |   5 | 1108.2 |
        Temple |    213 |    213 |      0 |      0 |     63 |   1 |  213.0 |
               +--------+--------+--------+--------+--------+-----+--------+

Top non-repeatable levels by time:
     D:2: 2462 daAuts
     D:3: 1139 daAuts
     D:4: 1088 daAuts
     D:1: 777 daAuts
  Temple: 213 daAuts
     D:5: 73 daAuts
